 Dungeon Crawl Stone Soup version 0.30.0-29-ga12c61a403 (webtiles) character file.

Game seed: 9967673414888294759

43689 00zero00 the Executioner (level 14, -38/129 HPs)
             Began as a Hill Orc Fighter on June 24, 2023.
             Was an Initiate of Gozag.
             Annihilated by a titanic slime creature (56 damage)
             ... summoned by an orange crystal statue
             ... on level 13 of the Dungeon.
             The game lasted 00:42:46 (23526 turns).

00zero00 the Executioner (Hill Orc Fighter)        Turns: 23526, Time: 00:42:47

Health: -38/129    AC: 29    Str: 24      XL:     14   Next: 25%
Magic:  0/14       EV:  9    Int:  9 (11) God:    Gozag
Gold:   3664       SH:  0    Dex: 10      Spells: 13/13 levels left

rFire   + . .        Z - +3 broad axe (freeze)
rCold   x . .        k - +0 kite shield {reflect}
rNeg    . . .        Q - +8 chain mail of the Stone Wall {Int+3}
rPois   +            w - +1 helmet
rElec   .            (no cloak)
rCorr   .            J - +0 pair of gloves
SInv    .            e - +0 pair of boots
Will    +....        R - amulet of guardian spirit Stlth
                     V - ring of Giahiype {Fire rPois Slay+5}
HPRegen 0.41/turn    T - +4 ring of protection
MPRegen 0.14/turn

%: reflection, guardian spirit
@: confused
A: no striking features
a: Renounce Religion, Potion Petition, Call Merchant, Bribe Branch


You were on level 13 of the Dungeon.
You worshipped Gozag.
Gozag was most pleased with you.
You visited 4 branches of the dungeon, and saw 20 of its levels.
You also visited: Ossuary.

You collected 5081 gold pieces.
You spent 1332 gold pieces at shops.
You paid 85 gold pieces to Gozag.

Inventory:

Hand Weapons
 M - a +1 war axe of flaming
 W - a +0 broad axe
 Z - a +3 broad axe of freezing (weapon)
Missiles
 b - 54 poisoned darts (quivered)
 c - a throwing net
 B - 2 curare-tipped darts
 C - 3 boomerangs of dispersal
Armour
 e - a +0 pair of boots (worn)
 k - a +0 kite shield of reflection (worn)
 w - a +1 helmet (worn)
 J - a +0 pair of gloves (worn)
 Q - the +8 chain mail of the Stone Wall (worn) {Int+3}
   (You bought it in a shop on level 9 of the Dungeon)

   Int:       It affects your intelligence (+3).
Jewellery
 m - a ring of see invisible
 n - a ring of protection from cold
 v - a ring of flight
 P - a +6 ring of dexterity
 R - an amulet of guardian spirit (around neck)
 S - an amulet of the acrobat
 T - a +4 ring of protection (right hand)
 V - the ring of Giahiype (left hand) {Fire rPois Slay+5}
   (You bought it in a shop on level 9 of the Dungeon)

   [ring of fire]

   It enhances your fire magic.
   Slay:      It affects your accuracy & damage with ranged weapons and melee
   (+5).
   rF:        It protects you from fire.
   rC:        It makes you vulnerable to cold.
   rPois:     It protects you from poison.
Wands
 r - a wand of roots (22)
 u - a wand of polymorph (12)
 K - a wand of mindburst (13)
 N - a wand of digging (10)
 X - a wand of charming (2)
Scrolls
 a - 2 scrolls of immolation
 f - 4 scrolls of teleportation
 g - 9 scrolls of enchant armour
 h - 4 scrolls of amnesia
 i - a scroll of silence
 l - 6 scrolls of enchant weapon
 o - 2 scrolls of identify
 s - 3 scrolls of fear
 x - 4 scrolls of vulnerability
 y - 4 scrolls of butterflies
 A - 4 scrolls of magic mapping {unknown}
 G - 2 scrolls of poison {unknown}
 H - 3 scrolls of fog {unknown}
 L - a scroll of torment {unknown}
Potions
 d - a potion of might
 j - 11 potions of curing
 p - 3 potions of haste {unknown}
 q - 3 potions of lignification {unknown}
 t - 6 potions of brilliance {unknown}
 z - 3 potions of magic {unknown}
 D - 4 potions of degeneration {unknown}
 E - 8 potions of heal wounds
 F - a potion of resistance {unknown}
 I - 3 potions of mutation {unknown}
 O - 2 potions of flight {unknown}
 U - 4 potions of attraction {unknown}
 Y - a potion of invisibility {unknown}


   Skills:
 + Level 13.2 Fighting
 * Level 21.0 Axes
 + Level 5.8 Throwing
 * Level 10.8 Armour
 + Level 5.2 Dodging
 + Level 7.9 Shields


You had 13 spell levels left.
You didn't know any spells.
Your spell library contained the following spells:

 Spells                   Type           Power      Damage    Failure   Level
 Hailstorm                Conj/Ice       0%         3d3       100%        3
 Stone Arrow              Conj/Erth      0%         3d7       100%        3
 Animate Armour           Summ/Erth      0%         N/A       100%        4
 Ice Form                 Ice/Tmut       0%         N/A       100%        4
 Monstrous Menagerie      Summ           0%         N/A       100%        7
 Lehudib's Crystal Spear  Conj/Erth      0%         10d2      100%        8
 Simulacrum               Ice/Necr       Unusable   N/A       N/A         6

Dungeon Overview and Level Annotations

Branches:
Dungeon (13/15)            Temple (1/1) D:5            Lair (4/5) D:10
 Spider (0/4) Lair:2          Orc (2/2) D:11            Elf (0/3) Orc:2
 Vaults (0/5) D:13        Ossuary (visited)
  Swamp: Lair:2-3    Shoals: Lair:2-3     Slime: Lair:4-5

Altars:
Ashenzari
Cheibriados
Dithmenos
Elyvilon
Fedhas
Gozag
Hepliaklqana
Kikubaaqudgha
Makhleb
Nemelex Xobeh
Okawaru
Qazlal
Ru
Sif Muna
Trog
Uskayaw
Vehumet
Wu Jian
Xom
Yredelemnul
Zin
The Shining One
Beogh

Shops:
D:7 *   D:8 [   D:9 =![   Orc:2 ([(=

Annotations:
D:4 3 runed translucent doors, purpleHaze's ghost, amateur DsCK
D:13 exclusions: ice statue and orange crystal statue
Lair:2 1 runed translucent door, ChadusMaximus's ghost, journeyman BaSu
Lair:3 Urug


Message History

You are more confused.
Two slime creatures merge to form a titanic slime creature.
You bump into the crystal wall.
The titanic slime creature hits you but does no damage.
The manticore closely misses you. The manticore claws you.
The manticore closely misses you.
The slime creature hits you but does no damage.
The orange crystal statue glitters.
You are more confused.
You hit the slime creature. You freeze the slime creature.
The slime creature is lightly wounded.
You barely miss the two-headed ogre. You slash the titanic slime creature!
You freeze the titanic slime creature. You hit the manticore but do no damage.
The two-headed ogre hits you with a +0 giant club!
The two-headed ogre completely misses you.
The titanic slime creature hits you! The manticore barely misses you.
The manticore claws you but does no damage.
The manticore claws you.
The slime creature hits you but does no damage.
You are too confused!
Unknown command.
Unknown command.
You bump into the crystal wall.
The orange crystal statue fixes its piercing gaze on you.
You feel your power leaking away. The titanic slime creature hits you!!
* * * LOW HITPOINT WARNING * * *
The manticore barely misses you. The manticore closely misses you.
The manticore barely misses you.
The slime creature hits you but does no damage.
The two-headed ogre barely misses you.
The two-headed ogre hits you but does no damage.
You are too confused!
Unknown command.
You bump into the crystal wall.
The manticore bites you but does no damage.
The manticore claws you but does no damage.
The manticore barely misses you. The titanic slime creature hits you!!!
You die...
Your body crumbles into a pile of gold.

.. #........# #.....
#.##........####.....
#..+........##.'.....
#..#........'..#.[...
#.8.###....####.....
#...# #+#### ####+#
#.$.# . #.O.# #.
#YJ@# ###.


#YJH# #... #.9Y# #... #.....# #... #..}..# #######... #8...8# .......<.. #######
#######... ###. #. You could see an ice statue, an orange crystal statue, a
titanic slime creature (summoned), a slime creature (summoned), a two-headed
ogre (summoned), a manticore (summoned), a gargoyle (summoned) and 3 ice beasts.

Vanquished Creatures
  Donald (Orc:2)
  An orc warlord (Orc:1)
  An ettin (Orc:1)
  2 boulder beetles
  A catoblepas (Lair:2)
  5 two-headed ogres
  An orc high priest (Orc:2)
  Amaemon (Lair:1)
  A pharaoh ant (Lair:2)
  7 orc knights
  A deep elf pyromancer (D:12)
  8 orc sorcerers
  5 cyclopes
  3 manticores
  3 black mambas
  6 elephants
  A gargoyle (D:11)
  An orange demon (D:10)
  A yaktaur (shapeshifter) (D:13)
  An unseen horror (D:11)
  8 cane toads
  A rime drake (Lair:2)
  A kobold demonologist (D:12)
  3 komodo dragons
  4 trolls
  2 polar bears
  A tyrant leech (Lair:3)
  A tyrant leech (shapeshifter) (D:13)
  8 saltlings (Orc:2)
  5 blink frogs (Lair:1)
  3 wyverns
  2 wraiths
  21 yaks
  Grum (D:11)
  A steam dragon (D:5)
  A golden eye (shapeshifter) (D:13)
  2 redbacks (Lair:2)
  2 basilisks
  5 wargs
  5 vampire mosquitoes
  7 water moccasins
  2 acid dragons
  A black bear (D:6)
  An ice beast (D:6)
  22 orc warriors
  3 wolves (D:11)
  2 centaurs
  6 ogres
  A phantom (D:5)
  9 bullfrogs
  3 kobold brigands
  A gnoll sergeant (D:9)
  3 scorpions
  6 wights (D:7)
  8 killer bees
  5 howler monkeys
  2 centaur zombies (Ossuary)
  17 orc priests
  2 hounds
  2 jellies
  2 sleepcaps
  23 orc wizards
  3 ogre zombies (Ossuary)
  7 mummies (Ossuary)
  3 gnolls (D:9)
  5 adders
  An ufetubus (D:5)
  6 adder zombies (Ossuary)
  2 worms (D:2)
  3 dart slugs
  96 orcs
  2 endoplasms (D:1)
  2 giant cockroaches
  5 goblins
  11 hobgoblins
  7 quokkas
  9 ball pythons
  3 bats
  2 frilled lizards
  A gnoll zombie (Ossuary)
  A goblin zombie (Ossuary)
  2 hobgoblin zombies (Ossuary)
  19 kobolds
  4 kobold zombies (Ossuary)
  An orc zombie (Ossuary)
  7 quokka zombies (Ossuary)
  4 rats
  3 rat zombies (Ossuary)
465 creatures vanquished.

Notes
Turn   | Place    | Note
-------+----------+-------------------------------------------
     0 | D:1      | 00zero00 the Hill Orc Fighter began the quest for the Orb.
     0 | D:1      | Reached XP level 1. HP: 19/19 MP: 1/1
    26 | D:1      | Reached skill level 3 in Axes
    28 | D:1      | Reached XP level 2. HP: 16/26 MP: 2/2
   187 | D:1      | Reached skill level 4 in Axes
   751 | D:2      | Reached XP level 3. HP: 28/31 MP: 3/3
   799 | D:2      | Identified the +0 leather armour of Muvoguuz {rPois}
   837 | D:2      | Reached skill level 5 in Axes
   918 | D:2      | Identified the +0 robe of the Countless Allies {Rampage
                  | rElec rF- Stlth+}
  1137 | D:2      | Reached XP level 4. HP: 39/39 MP: 4/4
  1627 | D:3      | Found a radiant altar of Vehumet.
  2013 | D:4      | Reached skill level 6 in Axes
  2418 | D:4      | Reached XP level 5. HP: 22/45 MP: 5/5
  2569 | D:4      | Reached skill level 7 in Axes
  2589 | D:4      | Found a runed translucent gate.
  2589 | D:4      | Found a runed translucent gate.
  2591 | D:4      | Found a runed translucent gate.
  2592 | D:4      | Noticed purpleHaze's ghost (amateur DsCK)
  3135 | D:4      | Found an iron altar of Okawaru.
  3546 | D:5      | Entered Level 5 of the Dungeon
  3546 | D:5      | Found a staircase to the Ecumenical Temple.
  3552 | Temple   | Entered the Ecumenical Temple
  3624 | Temple   | Became a worshipper of Gozag Ym Sagoz the Greedy
  3958 | D:5      | Reached skill level 8 in Axes
  3958 | D:5      | Reached XP level 6. HP: 41/51 MP: 6/6
  4093 | D:5      | Reached skill level 9 in Axes
  4495 | D:5      | Noticed a steam dragon
  4506 | D:5      | Killed a steam dragon
  4507 | D:5      | Reached skill level 10 in Axes
  4507 | D:5      | Reached XP level 7. HP: 12/57 MP: 7/7
  5159 | D:6      | Reached skill level 11 in Axes
  5178 | D:6      | Reached skill level 5 in Fighting
  5178 | D:6      | Reached XP level 8. HP: 36/68 MP: 8/8
  5240 | D:6      | Found a sand-covered staircase.
  5245 | Ossuary  | Entered an ossuary
  7495 | D:7      | Found Acyhow's Assorted Antiques.
  7512 | D:7      | Bought a scroll labelled CIPNUI HEFUME for 29 gold pieces
  7512 | D:7      | Bought a scroll labelled VIYC QULLAOTOI for 29 gold pieces
  7547 | D:7      | Reached XP level 9. HP: 80/84 MP: 9/9
  7563 | D:7      | Reached skill level 10 in Fighting
  7715 | D:7      | Identified the +1 whip "Jeonehur" {freeze, *Rage rF+ Will+
                  | rCorr}
  8264 | D:7      | Bought a translucent chain mail for 275 gold pieces
  8264 | D:7      | Identified the +4 chain mail of Gravity {*Corrode Drain
                  | Dex+8} (You bought it in a shop on level 7 of the Dungeon)
  8713 | D:8      | Reached skill level 12 in Axes
  8978 | D:8      | Found Gaikaupp's Antique Armour Shoppe.
  9229 | D:8      | Reached skill level 13 in Axes
  9326 | D:9      | Found Amoec's Jewellery Boutique.
  9547 | D:9      | Reached XP level 10. HP: 95/95 MP: 10/10
  9559 | D:9      | Reached skill level 14 in Axes
  9826 | D:9      | Noticed a two-headed ogre
 10176 | D:9      | Found Larch's Antique Armour Shoppe.
 10184 | D:9      | Bought a dazzling chain mail for 199 gold pieces
 10184 | D:9      | Identified the +8 chain mail of the Stone Wall {Int+3} (You
                  | bought it in a shop on level 9 of the Dungeon)
 10208 | D:9      | Found Xomuom's Distillery.
 10865 | D:9      | Killed a two-headed ogre
 10866 | D:9      | Reached skill level 15 in Axes
 11057 | D:9      | Bought the ring of Giahiype {Fire rPois Slay+5} for 800
                  | gold pieces
 11121 | D:10     | Entered Level 10 of the Dungeon
 11387 | D:10     | Reached skill level 16 in Axes
 11490 | D:10     | Got the Catalogue of the Thirsty Deaths
 11528 | D:10     | Found a staircase to the Lair.
 11529 | D:10     | Found a sparkling altar of Nemelex Xobeh.
 11714 | D:10     | Found an ornate altar of the Wu Jian Council.
 11828 | D:10     | Found a hazy altar of Hepliaklqana.
 11829 | D:10     | Found a snail-covered altar of Cheibriados.
 11917 | D:10     | Found a blossoming altar of Fedhas.
 11919 | D:10     | Found a broken altar of Ashenzari.
 12035 | Lair:1   | Entered Level 1 of the Lair of Beasts
 12035 | Lair:1   | Noticed a black mamba
 12048 | Lair:1   | Killed a black mamba
 12092 | Lair:1   | Found a shimmering altar of Xom.
 12140 | Lair:1   | Noticed an orange demon
 12141 | Lair:1   | Noticed Amaemon
 12182 | D:10     | Killed an orange demon
 12183 | D:10     | Reached skill level 17 in Axes
 12316 | Lair:1   | Noticed a cane toad
 12337 | D:10     | Killed a cane toad
 12419 | Lair:1   | Noticed a cane toad
 12433 | Lair:1   | Killed a cane toad
 12434 | Lair:1   | Reached XP level 11. HP: 59/102 MP: 5/11
 12598 | Lair:1   | Reached skill level 18 in Axes
 13073 | Lair:1   | Killed Amaemon
 13074 | Lair:1   | Reached skill level 1 in Throwing
 13074 | Lair:1   | Reached skill level 1 in Dodging
 13678 | D:10     | Reached skill level 5 in Armour
 14351 | Lair:1   | Reached XP level 12. HP: 103/110 MP: 10/12
 14606 | Lair:2   | Reached skill level 5 in Shields
 14607 | Lair:2   | Found a hole to the Spider Nest.
 14618 | Lair:2   | Reached skill level 19 in Axes
 15250 | Lair:2   | Found a runed translucent door.
 15257 | Lair:2   | Noticed ChadusMaximus's ghost (journeyman BaSu)
 15257 | Lair:2   | Noticed a boulder beetle
 15454 | Lair:2   | Noticed a catoblepas
 15479 | Lair:2   | Killed a catoblepas
 15800 | Lair:3   | Noticed Urug
 16350 | Lair:4   | Noticed an eight-headed hydra
 16963 | D:11     | Noticed a two-headed ogre
 16963 | D:11     | Noticed a boulder beetle
 17089 | D:11     | Noticed Grum
 17096 | D:11     | Killed Grum
 17596 | D:11     | Killed a boulder beetle
 17667 | D:11     | Noticed a two-headed ogre
 17676 | D:11     | Killed a two-headed ogre
 17701 | D:11     | Killed a two-headed ogre
 17702 | D:11     | Reached XP level 13. HP: 119/119 MP: 13/13
 17832 | D:11     | Found a staircase to the Orcish Mines.
 18092 | Orc:1    | Entered Level 1 of the Orcish Mines
 18497 | Orc:1    | Paralysed by an orc sorcerer for 3 turns
 18803 | Orc:2    | Entered Level 2 of the Orcish Mines
 18815 | Orc:2    | Reached skill level 20 in Axes
 18954 | Orc:2    | Found a staircase to the Elven Halls.
 19139 | Orc:2    | Noticed Donald
 19165 | Orc:2    | Paralysed by an orc sorcerer for 5 turns
 19185 | Orc:2    | HP: 1/116 [sun demon[an orc sorcerer] (5)]
 19459 | Orc:2    | Paralysed by an orc sorcerer for 4 turns
 19812 | Orc:2    | Killed Donald
 20252 | Orc:2    | Noticed an orc warlord
 20262 | Orc:2    | Reached skill level 5 in Throwing
 20509 | Orc:1    | Killed an orc warlord
 20799 | Orc:2    | Reached skill level 10 in Armour
 21043 | Orc:2    | Found Levof's Jewellery Shoppe.
 21045 | Orc:2    | Found a roughly hewn altar of Beogh.
 21046 | Orc:2    | Found Zelasaci's Weapon Shoppe.
 21130 | Orc:2    | Found Pyurug's Antique Weapon Shop.
 21163 | Orc:2    | Found Hant's Armour Shoppe.
 21620 | Orc:1    | Noticed an ettin
 21701 | Orc:1    | Killed an ettin
 21702 | Orc:1    | Reached XP level 14. HP: 72/129 MP: 7/14
 22074 | D:12     | Reached skill level 5 in Dodging
 22829 | D:12     | Reached skill level 21 in Axes
 23211 | D:13     | Found a gate to the Vaults.
 23526 | D:13     | Annihilated by a titanic slime creature

Illustrated notes

Levels and vault maps discovered:
D:1:      minmay_arrival_glassed_features, layout_loops_ring,
          hangedman_decor_peaks_small, minmay_indecisive_spiral
D:2:      layout_basic, minmay_quadrilaterals
D:3:      layout_basic, mainiacjoe_overflow_small_starburst,
          minmay_misc_feat_chi, small_statue_intersection, st_stairs_13,
          minivault_5, grunt_decor_clamped
D:4:      layout_layer_cave, mainiacjoe_overflow_alcove_2,
          ebering_ghost_rock_garden, serial_bayou, serial_bayou_pond_a,
          serial_bayou_ford_a, serial_bayou_lagoon_a, serial_bayou_pond_e,
          kennysheep_small_square
D:5:      layout_basic, minmay_temple_entry_mist, hangedman_decor_riveting
D:6:      layout_cave_pods, enter_ossuary_2, minmay_fractal_squares_5
D:7:      layout_basic, nicolae_stop_n_shop_2
D:8:      layout_gridville, serial_shops, shop, kennysheep_potato
D:9:      layout_irregular_city, serial_shops, nicolae_shop_just_a_little_nook,
          nicolae_square_shop, shop_statue, kennysheep_boxes
D:10:     nicolae_cairo_tiling_very_big, layout_long_grid,
          nemelex_xobeh_ov_fountains_minmay, lemuel_tele_altar,
          nicolae_overflow_hidden_temple
D:11:     layout_cave_pools, david_orc_3, chequers_serial_rivers_small_b,
          uniq_grum
D:12:     layout_grid_maze, drop_trap
D:13:     layout_roguey, david_vaults_2, hangedman_decor_points, david_greed
Temple:   zaba_magenta_temple
Lair:1:   layout_concentric_octagons, basic_altar,
          chequers_serial_rivers_micro_e, uniq_amaemon
Lair:2:   layout_cellular_growth, nicolae_spider_entry_lesser_pyramids,
          ebering_ghost_inner_flame, lemuel_fruit_fields
Lair:3:   beast_lair_carwin_large_4, layout_chaotic_city,
          minmay_swamp_entry_worms, uniq_urug
Lair:4:   layout_small_grid, dpeg_slime_entry_enclosed, grunt_megastairs_1
Orc:1:    layout_caves
Orc:2:    hellmonk_orc_salted, layout_caves, uniq_donald

Skill      XL: |  1  2  3  4  5  6  7  8  9 10 11 12 13 14 |
---------------+-------------------------------------------+-----
Axes           | 3 4 5 6 8 10 11 13 17 18 19 20 21 | 21.0
Fighting       | 5 9 11 12 13 | 13.2
Throwing       | 2 4 5 |  5.8
Armour         | 6 8 10 | 10.8
Dodging        | 2 3 4 5 |  5.2
Shields        | 4 6 7 |  7.9

Action                     |  1- 3 |  4- 6 |  7- 9 | 10-12 | 13-15 || total
---------------------------+-------+-------+-------+-------+-------++-------
  Melee: War axe           |    84 |   135 |   372 |   443 |   269 ||  1303
         Broad axe         |       |       |       |       |   108 ||   108
  Throw: Dart              |       |       |     3 |    20 |       ||    23
    Use: Potion            |       |     1 |       |     1 |     2 ||     4
         Scroll            |       |       |     1 |    11 |     3 ||    15
   Stab: Distracted        |       |       |       |     3 |     2 ||     5
 Armour: Scale mail        |    55 |       |       |       |       ||    55
         Chain mail        |     3 |    86 |   116 |   348 |   204 ||   757
         Plate armour      |       |       |    68 |    13 |       ||    81
  Dodge: Dodged            |    41 |    28 |    98 |   193 |   146 ||   506
  Block: Buckler           |    23 |    29 |    72 |   105 |    65 ||   294
         Kite shield       |       |       |       |       |    56 ||    56
         Reflection        |       |       |       |       |     8 ||     8
